 Dungeon Crawl Stone Soup version 0.23.1 (webtiles) character file.

Game seed: 11854742353268953667

2213 Mangled the Sneak (level 9, -1/78 HPs)
             Began as a Naga Warper on Mar 1, 2019.
             Was an Initiate of Cheibriados.
             Slain by a two-headed ogre
             ... wielding a +0 giant club
              (20 damage)
             ... on level 7 of the Dungeon.
             The game lasted 00:22:49 (7544 turns).

Mangled the Sneak (Naga Warper)                     Turns: 7544, Time: 00:22:50

Health: -1/78      AC: 14    Str: 19    XL:     9   Next: 35%
Magic:  12/15      EV:  9    Int: 14    God:    Cheibriados [......]
Gold:   479        SH:  0    Dex: 11    Spells: 15/17 levels left

rFire    + . .     SeeInvis +   b - +2 dagger (elec)
rCold    . . .     Gourm    .   (no shield)
rNeg     + . .     Faith    .   o - +1 ring mail {rF+}
rPois    +         Spirit   .   (no helmet)
rElec    .         Reflect  .   B - +2 cloak
rCorr    .         Harm     .   j - +0 pair of gloves
MR       +....                  (no barding)
Stlth    +++.......             (no amulet)
HPRegen  0.23/turn              s - +3 ring of protection
MPRegen  0.14/turn              r - ring of positive energy

@: lethally poisoned (-1 -> -3), very slow
A: large, see invisible, deformed body, poison resistance, slowness 2, slow
metabolism 1, spit poison 1, AC +3
a: Spit Poison, Bend Time, Renounce Religion


You were on level 7 of the Dungeon.
You worshipped Cheibriados.
Cheibriados was noncommittal.
You were not hungry.

You visited 2 branches of the dungeon, and saw 9 of its levels.

You collected 479 gold pieces.

Inventory:

Hand Weapons
 a - a +2 dagger of venom
 b - a +2 dagger of electrocution (weapon)
 k - a +0 hand axe
 l - a +1 spear of freezing
 N - a +2 hunting sling of freezing
 P - a +0 trident
Missiles
 c - 312 stones
 e - 4 tomahawks of dispersal (quivered)
 C - 6 javelins
 I - 2 throwing nets
Armour
 j - a +0 pair of gloves (worn)
 o - a +1 ring mail of fire resistance (worn)
 u - a +0 leather armour
 B - a +2 cloak (worn)
 J - a scarf of repulsion
Jewellery
 r - a ring of positive energy (right hand)
 s - a +3 ring of protection (left hand)
Wands
 O - a wand of paralysis (2)
Scrolls
 d - 4 scrolls of blinking
 h - 7 scrolls of teleportation {unknown}
 m - 5 scrolls of remove curse {unknown}
 n - 10 scrolls of identify {unknown}
 p - a scroll of fear {unknown}
 x - 3 scrolls of amnesia {unknown}
 y - 2 scrolls of immolation {unknown}
 A - 3 scrolls of magic mapping {unknown}
 E - a scroll of enchant armour {unknown}
 K - a scroll of enchant weapon {unknown}
Potions
 g - 6 potions of curing {unknown}
 i - 3 potions of heal wounds
 q - 2 potions of degeneration {unknown}
 t - 7 potions of lignification {unknown}
 v - a potion of berserk rage {unknown}
 w - 3 potions of flight {unknown}
 z - a potion of mutation {unknown}
 D - a potion of resistance {unknown}
 F - a potion of brilliance {unknown}
 H - 2 potions of haste {unknown}
 L - a potion of ambrosia {unknown}
 M - a potion of agility {unknown}
Comestibles
 f - 29 rations
 G - 2 chunks of flesh


   Skills:
 + Level 4.0 Fighting
 + Level 5.3 Short Blades
 + Level 2.6 Axes
 + Level 1.1 Throwing
 + Level 4.7 Armour
 - Level 1.6 Dodging
 * Level 7.6 Stealth
 * Level 4.5 Spellcasting
 * Level 5.3 Translocations
 * Level 0.2 Invocations


You had 15 spell levels left.
You knew the following spells:

 Your Spells              Type           Power        Failure   Level  Hunger
a - Blink                 Tloc           N/A          4%          2    ##.....

Your spell library contained the following spells:

 Spells                   Type           Power        Failure   Level  Hunger
 Gell's Gravitas          Tloc           ###.......   10%         3    ###....
 Lesser Beckoning         Tloc           ###.......   10%         3    ###....
 Teleport Other           Tloc           ###.....     10%         3    ###....
 Shroud of Golubria       Chrm/Tloc      ##........   16%         2    ##.....
 Passage of Golubria      Tloc           N/A          32%         4    ####...


Dungeon Overview and Level Annotations

Branches:
Dungeon (8/15)             Temple (1/1) D:6
   Lair: D:8-11

Altars:
Ashenzari
Cheibriados
Dithmenos
Elyvilon
Fedhas
Kikubaaqudgha
Makhleb
Nemelex Xobeh
Okawaru
Qazlal
Trog
Uskayaw
Yredelemnul
Zin
The Shining One

Shops:
D:6 [


Innate Abilities, Weirdness & Mutations

You cannot wear boots.
Your serpentine skin is tough. (AC +3)
You have supernaturally acute eyesight. (SInv)
Armour fits poorly on your strangely shaped body.
Your system is resistant to poisons. (rPois)
You cover ground very slowly.
You have a slow metabolism.
You can spit poison.


Message History

Aim: a two-headed ogre, wielding a +0 giant club and a +0 giant spiked club (chance to defeat MR: 28%)
Okay, then.
Okay, then.
Okay, then.
You barely miss the two-headed ogre.
You feel sick.
You closely miss the two-headed ogre. You hit the two-headed ogre.
The two-headed ogre is lightly wounded.
You feel sick.
The two-headed ogre hits you with a +0 giant club!!
The two-headed ogre hits you with a cursed +0 giant spiked club!
You hit the two-headed ogre.
Lightning courses through the two-headed ogre!
The two-headed ogre is moderately wounded.
You hit the two-headed ogre.
The two-headed ogre is moderately wounded.
The two-headed ogre hits you with a +0 giant club!
* * * LOW HITPOINT WARNING * * *
The two-headed ogre hits you with a cursed +0 giant spiked club!!
You die...

##### ### #...# ####.#
#...# #....# ##...#####
#.##.# #######........#
#.##.#
.#.............###.##.#
.#.###...>....sO@..##.#
.#.# #.........######.#
##.# #.............##.#
...###.#########......##
.#.....# #.......#
......## ##.[.###.#
...##.# #######.....##.#
#####.###............#.#
###.......##...........#


You could see a two-headed ogre and a giant cockroach.

Vanquished Creatures
  Prince Ribbit (D:6)
  A hippogriff (D:7)
  Eustachio (D:4)
  3 sky beasts (D:7)
  A phantom (D:4)
  2 ice beasts
  3 ogres
  2 scorpions
  A killer bee (D:7)
  2 howler monkeys (D:7)
  A centaur skeleton (D:4)
  2 bullfrog skeletons
  A hound (D:7)
  A jelly (D:7)
  An orc wizard (D:6)
  3 orc priests
  Crazy Yiuf (D:4)
  2 iguanas
  Natasha (thrice) (D:2)
  3 gnolls (D:7)
  9 adders
  A shadow imp (D:5)
  An ooze (D:3)
  2 worms
  2 dart slugs
  5 leopard geckos
  13 orcs
  4 ball pythons
  13 bats
  6 giant cockroaches
  25 goblins
  14 hobgoblins
  7 jackals
  3 quokkas
  6 frilled lizards
  15 kobolds
  A quokka skeleton (D:4)
  9 rats
171 creatures vanquished.

Notes
Turn   | Place    | Note
-------+----------+-------------------------------------------
     0 | D:1      | Mangled the Naga Warper began the quest for the Orb.
     0 | D:1      | Reached XP level 1. HP: 19/19 MP: 3/3
   192 | D:1      | Reached skill level 1 in Armour
   361 | D:1      | Reached XP level 2. HP: 26/26 MP: 5/5
   543 | D:1      | Reached skill level 1 in Throwing
   855 | D:2      | Reached XP level 3. HP: 31/32 MP: 6/6
   959 | D:2      | Learned a level 2 spell: Blink
  1013 | D:2      | Reached XP level 4. HP: 24/39 MP: 7/7
  1373 | D:2      | Reached skill level 1 in Short Blades
  1394 | D:2      | Reached XP level 5. HP: 33/46 MP: 8/8
  1509 | D:2      | Reached skill level 1 in Stealth
  1558 | D:2      | Noticed Natasha
  1567 | D:2      | Killed Natasha
  1984 | D:2      | Noticed Natasha
  1990 | D:2      | Killed Natasha
  1999 | D:2      | You fall through a shaft!
  2093 | D:3      | Reached XP level 6. HP: 21/55 MP: 10/10
  2496 | D:2      | Noticed Natasha
  2505 | D:2      | Killed Natasha
  3199 | D:4      | Noticed a phantom
  3216 | D:4      | Killed a phantom
  3216 | D:4      | Reached skill level 2 in Stealth
  3308 | D:4      | Reached XP level 7. HP: 46/61 MP: 11/11
  3417 | D:4      | Found a runed translucent door.
  3418 | D:4      | Noticed Crazy Yiuf
  3431 | D:4      | Killed Crazy Yiuf
  3774 | D:4      | Noticed Eustachio
  3792 | D:4      | Killed Eustachio
  3792 | D:4      | Reached skill level 3 in Stealth
  3962 | D:4      | Found a burning altar of Makhleb.
  4370 | D:5      | Entered Level 5 of the Dungeon
  4493 | D:5      | Reached XP level 8. HP: 69/69 MP: 13/13
  5028 | D:6      | Noticed Prince Ribbit
  5043 | D:6      | Killed Prince Ribbit
  5043 | D:6      | Reached skill level 4 in Stealth
  5218 | D:6      | You fall through a shaft!
  5368 | D:7      | Reached skill level 5 in Stealth
  5768 | D:7      | Reached skill level 6 in Stealth
  5899 | D:7      | Noticed a hippogriff
  5933 | D:7      | Reached skill level 5 in Translocations
  5933 | D:7      | Reached XP level 9. HP: 78/78 MP: 15/15
  6057 | D:7      | Reached skill level 5 in Short Blades
  6057 | D:7      | Reached skill level 7 in Stealth
  6424 | D:6      | Found Orchojao's Antique Armour Boutique.
  7015 | D:6      | Found a staircase to the Ecumenical Temple.
  7024 | Temple   | Entered the Ecumenical Temple
  7108 | Temple   | Became a worshipper of Cheibriados the Contemplative
  7519 | D:8      | Noticed a two-headed ogre
  7544 | D:7      | Slain by a two-headed ogre

Skill      XL: |  1  2  3  4  5  6  7  8  9 |
---------------+----------------------------+-----
Armour         | 1 2 3 4 |  4.7
Throwing       | 1 |  1.1
Short Blades   | 1 2 3 4 5 |  5.3
Stealth        | 1 2 3 6 7 |  7.6
Spellcasting   | 3 4 |  4.5
Fighting       | 3 4 |  4.0
Translocations | 4 5 |  5.3
Axes           | |  2.6
Dodging        | |  1.6
Invocations    | |  0.2

Action                   |  1- 3 |  4- 6 |  7- 9 || total
-------------------------+-------+-------+-------++-------
Melee: Dagger            |    78 |   190 |   353 ||   621
       Hand axe          |     3 |       |       ||     3
Throw: Tomahawk          |     1 |       |       ||     1
 Cast: Blink             |       |     1 |     5 ||     6
 Abil: Spit Poison       |     3 |    11 |     7 ||    21
  Use: Potion            |       |       |     1 ||     1
 Stab: Sleeping          |       |       |     9 ||     9
       Distracted        |       |       |     2 ||     2
  Eat: Chunk             |       |     6 |    14 ||    20
Armor: Leather armour    |    12 |       |       ||    12
       Ring mail         |    28 |   133 |   203 ||   364
Dodge: Dodged            |    52 |   119 |   151 ||   322
